 Dungeon Crawl Stone Soup version 0.18-a0-1773-gec4f98e (webtiles) character file.

4237 Zhenya25pyc the Fighter (level 10, -2/99 HPs)
             Began as a Gargoyle Fighter on Apr 12, 2016.
             Was a Follower of Makhleb.
             Slain by a giant frog (5 damage)
             ... on level 8 of the Dungeon on Apr 14, 2016.
             The game lasted 00:25:55 (6733 turns).

Zhenya25pyc the Fighter (Gargoyle Fighter)          Turns: 6733, Time: 00:25:55

Health: -2/99      AC: 30    Str: 23    XL:     10   Next: 30%
Magic:  10/10      EV:  2    Int:  9    God:    Makhleb [*.....]
Gold:   438        SH:  0    Dex:  9    Spells: 0 memorised, 9 levels left

rFire  . . .     SeeInvis +     E - +8 glaive of the Guard {elec, +Rage AC+5 SInv}
rCold  . . .     Gourm    .     (armour currently unavailable)
rNeg   + + +     Faith    .     (shield currently unavailable)
rPois  ∞         Spirit   .     (helmet currently unavailable)
rElec  .         Dismiss  .     (cloak currently unavailable)
rCorr  .         Reflect  .     (gloves currently unavailable)
SustAt .         Harm     .     (boots currently unavailable)
MR     +....     NoTele   +     o - amulet of rage
Stlth  +.........               K - ring of protection from magic
                                z - ring of see invisible

@: tree-form, hasted, very quick, somewhat resistant to hostile enchantments,
very unstealthy
A: negative energy resistance 1, (electricity resistance), (unbreathing),
petrification resistance, rot immunity, AC +7
a: Renounce Religion, Evoke Berserk Rage


You were on level 8 of the Dungeon.
You worshipped Makhleb.
Makhleb was aware of your devotion.
You were not hungry.
You were a tree.
You visited 2 branches of the dungeon, and saw 10 of its levels.

You collected 438 gold pieces.

Inventory:

Hand Weapons
 B - a +2 mace of crushing
 E - the +8 glaive of the Guard (weapon) {elec, +Rage AC+5 SInv}
   (You found it on level 4 of the Dungeon)

   Occasionally, upon striking a foe, it will discharge some electrical energy
   and cause terrible harm.
   It affects your AC (+5).
   It lets you see invisible.
   It lets you go berserk.
 R - a +3 flail of freezing
Missiles
 M - 7 tomahawks (quivered)
Armour
 b - a +0 cloak (melded)
 c - a +0 shield
 C - a +0 helmet (melded)
 H - a +0 chain mail (melded)
 W - a +0 pair of gloves (melded)
Jewellery
 o - an amulet of rage (around neck)
 z - a ring of see invisible (left branch)
 K - a ring of protection from magic (right branch)
 L - an uncursed amulet of guardian spirit
Wands
 q - a wand of random effects (34/48)
 s - a wand of paralysis (10/24)
 t - a wand of confusion (30/48)
 y - a wand of enslavement (15/24)
 D - a wand of acid (9/15)
 Q - a wand of acid (11/15)
 T - a wand of iceblast (6/15)
 U - a wand of polymorph (4/24)
Scrolls
 e - 17 scrolls of identify
 g - 3 scrolls of teleportation {unknown}
 m - 6 scrolls of remove curse
 n - a scroll of immolation {unknown}
 p - 2 scrolls of amnesia {unknown}
 v - 4 scrolls of recharging {unknown}
 A - 2 scrolls of magic mapping {unknown}
 I - 2 scrolls of fog {unknown}
 O - 3 scrolls of fear {unknown}
 P - 4 scrolls of enchant armour {unknown}
 S - 2 scrolls of noise {unknown}
Potions
 a - 3 potions of mutation
 d - 2 potions of might
 h - 2 potions of degeneration {unknown}
 j - a potion of haste
 k - a potion of curing {unknown}
 w - 2 potions of agility
 x - a potion of flight
 F - a potion of experience {unknown}
 J - a potion of heal wounds {unknown}
 N - a potion of lignification
Books
 G - an Akashic Record

   Spells                             Type                      Level
   a - Dispersal                      Translocation                6
   b - Malign Gateway                 Summoning/Translocation      7
   c - Disjunction                    Translocation                8
   d - Controlled Blink               Translocation                8
 V - a Necronomicon

   Spells                             Type                      Level
   a - Haunt                          Necromancy/Summoning         7
   b - Borgnjor's Revivification      Necromancy                   8
   c - Death's Door                   Charms/Necromancy            8
   d - Necromutation                  Transmutation/Necromancy     8
Comestibles
 f - 4 bread rations
 i - 2 slices of pizza
 l - 4 meat rations
 r - a fruit
 u - 2 beef jerkies


   Skills:
 + Level 9.0 Fighting
 - Level 4.1 Maces & Flails
 * Level 8.8 Polearms
 + Level 8.6 Armour
 - Level 3.2 Shields


You had 9 spell levels left.
You didn't know any spells.

Dungeon Overview and Level Annotations

Branches:
Dungeon (9/15)             Temple (1/1) D:7
   Lair: D:8-11         Orc: D:9-12

Altars:
Ashenzari
Cheibriados
Dithmenos
Elyvilon
Fedhas
Gozag
Makhleb
Nemelex Xobeh
Okawaru
Pakellas
Qazlal
Ru
Sif Muna
Trog
Vehumet
Xom
Yredelemnul
Zin
The Shining One

Shops:
D:5 :

Annotations:
D:5 1 runed door


Innate Abilities, Weirdness & Mutations

You are resistant to torment.
((Your stone body is resilient (AC +7).))
You are immune to poison.
You resist negative energy.
((You are resistant to electric shocks.))
((You can survive without breathing.))
You are immune to petrification.
You are immune to rotting.


Message History

The giant frog hits you.
* * * LOW HITPOINT WARNING * * *
The orc priest mumbles some strange prayers to Beogh against you.
Beogh smites you!
* * * LOW HITPOINT WARNING * * *
It was a potion of lignification.
You turn into a tree.
Your +0 cloak melds into your body.
Your +0 helmet melds into your body.
Your +0 pair of gloves melds into your body.
Your +0 chain mail melds into your body.
Your roots penetrate the ground.
The giant frog hits you.
* * * LOW HITPOINT WARNING * * *
The orc priest hits you but does no damage.
The giant frog hits you but does no damage.
It was a potion of flight.
Your roots keep you in place.
The giant frog hits you but does no damage.
The orc priest hits you but does no damage.
It was a potion of haste.
You feel yourself speed up.
The giant frog hits you but does no damage.
The giant frog hits you.
You die...

...# ###....# .### #....#
############### .#####
#....# #.............#
#....# ####.#
#.###########.# #....# #.#
#.# #.# #....# #.# #.# #.#
.....# #### #.# ######.#
.....#######_###o####
#......#
....[..(.#.≈.≈##♣F..#
#.######
##.#.....##≈.≈.####.# #.#
#.#.....#.≈.≈##..#.# #.#
#.#.....##≈.≈.##.#.# #.#
##.......#.≈.≈##..#.# #.#
.#.......##≈.≈.##.#.###.###
.#...###'###(###..#.......#
.#.#####.###(##.#.#.....#.#
.#.#
#.....(...........<#.######


You could see a giant frog and an orc priest.

Vanquished Creatures
  Erolcha (D:8)
  Joseph (D:8)
  Grum (D:8)
  A soldier ant (D:5)
  A water moccasin (D:8)
  2 orc warriors
  An ice beast (D:8)
  A sky beast (D:6)
  A black bear (D:8)
  An ogre (D:6)
  3 wolves (D:8)
  3 centaurs
  3 giant frogs (D:7)
  3 scorpions
  A killer bee (D:5)
  4 wights (D:7)
  2 crimson imps
  3 hounds
  6 orc priests
  2 jellies
  8 orc wizards
  2 iguanas
  11 worker ants
  2 hound zombies
  A hound skeleton (D:6)
  2 gnolls (D:8)
  6 adders
  4 shadow imps
  3 adder skeletons
  4 dart slugs
  3 giant geckos
  44 orcs
  8 bats
  8 giant cockroaches
  8 goblins
  5 hobgoblins
  8 jackals
  5 quokkas
  3 ball pythons
  10 giant newts
  A jackal zombie (D:6)
  6 kobolds
  3 rats
  A spectral orc (D:5)
197 creatures vanquished.

Vanquished Creatures (others)
  A hydra (D:3)
  A kobold (D:3)
2 creatures vanquished.

Grand Total: 199 creatures vanquished

Notes
Turn   | Place    | Note
--------------------------------------------------------------
     0 | D:1      | Zhenya25pyc the Gargoyle Fighter began the quest for the Orb.
     0 | D:1      | Reached XP level 1. HP: 14/14 MP: 1/1
   161 | D:1      | Reached XP level 2. HP: 19/19 MP: 2/2
   787 | D:2      | Reached XP level 3. HP: 24/24 MP: 3/3
  1172 | D:2      | Found a sparkling altar of Nemelex Xobeh.
  1229 | D:2      | Reached XP level 4. HP: 27/29 MP: 4/4
  1436 | D:3      | Reached skill level 4 in Fighting
  1484 | D:3      | Found a sacrificial altar of Ru.
  1650 | D:3      | Reached XP level 5. HP: 12/34 MP: 5/5
  1965 | D:3      | Found an oddly glowing altar of Pakellas.
  1965 | D:3      | Noticed a seven-headed hydra
  1969 | D:3      | Killed a seven-headed hydra
  2034 | D:3      | Found a radiant altar of Vehumet.
  2511 | D:4      | Reached skill level 1 in Polearms
  2511 | D:4      | Reached XP level 6. HP: 32/40 MP: 6/6
  2765 | D:5      | Entered Level 5 of the Dungeon
  2766 | D:5      | Found a snail-covered altar of Cheibriados.
  2798 | D:5      | Reached skill level 5 in Fighting
  3066 | D:5      | Found Idumorph's Book Emporium.
  3130 | D:5      | Found a basalt altar of Yredelemnul.
  3231 | D:5      | Found a runed door.
  3249 | D:5      | Found a runed door.
  3270 | D:5      | Reached XP level 7. HP: 30/44 MP: 7/7
  3320 | D:5      | Found a blossoming altar of Fedhas.
  3332 | D:5      | Found a bloodstained altar of Trog.
  3332 | D:5      | Found a snail-covered altar of Cheibriados.
  3345 | D:5      | Found an opulent altar of Gozag.
  3347 | D:5      | Found a shimmering altar of Xom.
  3408 | D:5      | Noticed a soldier ant
  3418 | D:5      | Reached skill level 5 in Armour
  3420 | D:5      | Killed a soldier ant
  3702 | D:6      | Reached XP level 8. HP: 51/51 MP: 8/8
  3707 | D:6      | Reached skill level 6 in Fighting
  3774 | D:6      | Reached skill level 5 in Polearms
  4511 | D:7      | Reached skill level 7 in Fighting
  4635 | D:7      | Reached XP level 9. HP: 57/57 MP: 9/9
  4867 | D:7      | Found a staircase to the Ecumenical Temple.
  4869 | D:7      | Upgraded the game from 0.18-a0-1745-gffa9a88 to 0.18-a0-1773-gec4f98e
  4905 | Temple   | Entered the Ecumenical Temple
  5023 | Temple   | Became a worshipper of Makhleb the Destroyer
  5315 | D:8      | Found an iron altar of Okawaru.
  5467 | D:8      | Reached * piety under Makhleb
  5607 | D:8      | Reached skill level 8 in Fighting
  5687 | D:8      | Noticed Joseph
  5689 | D:8      | Noticed Erolcha
  5696 | D:8      | Killed Erolcha
  5696 | D:8      | Reached XP level 10. HP: 17/65 MP: 10/10
  5756 | D:8      | Killed Joseph
  5974 | D:8      | Found an opulent altar of Gozag.
  6556 | D:9      | Noticed Grum
  6729 | D:8      | Killed Grum
  6729 | D:8      | Reached skill level 9 in Fighting
  6730 | D:8      | HP: 2/66 [orc priest/divine providence (17)]
  6733 | D:8      | Slain by a giant frog

Vault maps used:
D:1:      dpeg_arrival_refuge, hex_intersection, minmay_strange_pillars,
          feat_on_display
D:2:      nemelex_altar_shiori
D:3:      fiery_altar_vehumet, old_standard_altar,
          gammafunk_pakellas_cloud_experiment
D:4:      minmay_cupped
D:5:      lemuel_insect_pit, minmay_overflow_temple_star_hex,
          yredelemnul_forgotten_temple_becter, serial_shops,
          nicolae_shop_crystal, first_bread, cheibriados_altar_1
D:7:      temple_statues
D:8:      okawaru_altar_gauntlet_db,
          nicolae_gozag_cash_rules_everything_around_me, uniq_joseph,
          uniq_erolcha
D:9:      marbit_many_paths, lair_0_dummy, uniq_grum
Temple:   circular_temple_pool_8

Skill      XL: |  1  2  3  4  5  6  7  8  9 10 |
---------------+-------------------------------+-----
Maces & Flails | 3 4 |  4.1
Fighting       | 4 5 7 8 9 |  9.0
Armour         | 4 5 6 8 |  8.6
Polearms       | 1 2 4 6 8 |  8.8
Shields        | |  3.2

Action                   |  1- 3 |  4- 6 |  7- 9 | 10-12 || total
-------------------------+-------+-------+-------+-------++-------
Melee: Flail             |   124 |   102 |       |       ||   226
       Glaive            |       |    74 |   182 |       ||   256
       Mace              |       |     9 |       |       ||     9
       Glaive            |       |       |    59 |    38 ||    97
  Use: Scroll            |       |       |     2 |     1 ||     3
       Potion            |       |       |       |     4 ||     4
  Eat: Chunk             |       |     7 |     6 |       ||    13
       Fruit             |       |       |     1 |       ||     1
       Chunk             |       |       |     3 |     1 ||     4
       Beef jerky        |       |       |       |     1 ||     1
Armor: Chain mail        |       |       |    38 |    57 ||    95
       Skin              |       |       |       |     5 ||     5
Dodge: Dodged            |       |       |    26 |    30 ||    56
